 Dungeon Sprint DCSS version 0.16-a0-3841-g2612308 (console) character file.

7066 Monkaria the Severer (level 11, -4/116 (117) HPs)
             Began as a Hill Orc Fighter on Jan 30, 2015.
             Was the Champion of Makhleb.
             Blown up by a great orb of eyes (30 damage)
             ... with a disintegration bolt
             ... in the Dungeon (Sprint V: "Ziggurat Sprint").
             The game lasted 00:07:37 (617 turns).

Monkaria the Severer (Hill Orc Fighter)              Turns: 617, Time: 00:07:37

HP:   -4/116 (117)  AC: 20    Str: 41    XL:     11   Next: 9%
MP:   28/30         EV:  6    Int:  8    God:    Makhleb [******]
Gold: 0             SH:  0    Dex: 10    Spells: 3 memorised, 2 levels left

rFire  + . .     SeeInvis +     Q - +14 obsidian axe {chop, +Fly Str+3 SInv Curse} (curse)
rCold  + . .     Clarity  .     L - +5 gold dragon armour
rNeg   . . .     SustAb   .     (no shield)
rPois  +         Gourm    .     (no helmet)
rElec  .         Spirit   .     (no cloak)
rCorr  .         Warding  .     C - +1 pair of gloves {Str+3}
rMut   +         NoTele   +     (no boots)
MR     .....                    V - amulet of resist mutation
Stlth  ..........               F - +6 ring of strength
                                E - +6 ring of strength

@: mesmerised, studying 2 skills, not resistant to hostile enchantments,
extremely unstealthy
A: no striking features
a: Minor Destruction, Lesser Servant of Makhleb, Major Destruction, Greater
Servant of Makhleb, Renounce Religion, Evoke Flight


You were in the Dungeon.
You worshipped Makhleb.
Makhleb was exalted by your worship.
You were not hungry.

You visited 1 branch

Inventory:

Hand weapons
 M - a +5 executioner's axe
 O - the +15 heavy crossbow "Sniper" {velocity, SInv}
   (You found it in the Dungeon)

   Any bolt fired from it inflicts extra damage.
   It enhances your eyesight.
 Q - the cursed +14 obsidian axe (weapon) {chop, +Fly Str+3 SInv Curse}
   (You found it in the Dungeon)

   It inflicts extra damage upon your enemies.
   It affects your strength (+3).
   It enhances your eyesight.
   It lets you fly.
   It may recurse itself when equipped.
   It has a curse placed upon it.
 R - the +7 Singing Sword
   (You found it in the Dungeon)
 S - the +0 Sword of Power
   (You found it in the Dungeon)
 T - the +14 plutonium sword {Contam Stlth-}
   (You found it in the Dungeon)

   It causes magical contamination when unequipped.
   It makes you less stealthy.
Missiles
 N - 1000 bolts
Armour
 C - a +1 pair of gloves of strength (worn)
 L - a +5 gold dragon armour (worn)
 P - the +18 shield of the gong {rElec rN+ MR+ EV-5}
   (You found it in the Dungeon)

   It affects your evasion (-5).
   It insulates you from electricity.
   It protects you from negative energy.
   It affects your resistance to hostile enchantments.
Rods
 b - a +4 rod of ignition (9/9)
   (You found it in the Dungeon)
Jewellery
 y - a +6 ring of dexterity
 B - a +6 ring of dexterity
 D - an uncursed amulet of the gourmand
 E - a +6 ring of strength (left hand)
 F - a +6 ring of strength (right hand)
 V - an amulet of resist mutation (around neck)
Magical devices
 H - a wand of disintegration (6)
 I - a wand of fire (5)
 J - a wand of cold (5)
 K - a wand of draining (5)
Scrolls
 k - 3 scrolls of blinking
 r - 4 scrolls of amnesia
 s - 3 scrolls of recharging
 t - 7 scrolls of fog
 u - a scroll of holy word
 v - 5 scrolls of identify
 w - 5 scrolls of remove curse
 x - 2 scrolls of fear
Potions
 e - 6 potions of might
 f - 8 potions of curing
 g - 4 potions of heal wounds
 h - 6 potions of haste
 i - 7 potions of magic
 j - 3 potions of berserk rage
 l - 2 potions of brilliance
 m - 2 potions of invisibility
 n - 2 potions of restore abilities
 o - 4 potions of resistance
 q - 5 potions of agility
Books
 c - a Necronomicon This book is beyond your current level of understanding.

   Spells                             Type                      Level
   a - Haunt                          Necromancy/Summoning         7
   b - Borgnjor's Revivification      Necromancy                   8
   c - Death's Door                   Charms/Necromancy            8
   d - Necromutation                  Transmutation/Necromancy     8
 U - a manual of Crossbows
 W - a manual of Ice Magic
 X - Kummebun's Reference Book on Conjuration and Snow
   (You found it in the Dungeon)

   Spells                             Type                      Level
   a - Throw Frost                    Conjuration/Ice              2
   b - Iskenderun's Mystic Blast      Conjuration                  4
   c - Throw Icicle                   Conjuration/Ice              4
   d - Sticky Flame                   Conjuration/Fire             4
   e - Venom Bolt                     Conjuration/Poison           5
 Z - Sif Muna's Disquisition on Protection
   (You found it in the Dungeon)

   Spells                             Type                      Level
   a - Ozocubu's Armour               Charms/Ice                   3
   b - Regeneration                   Charms/Necromancy            3
   c - Iskenderun's Battlesphere      Conjuration/Charms           5
Miscellaneous
 a - a plain deck of defence
 p - a lantern of shadows
 G - a disc of storms
 Y - a sack of spiders
Comestibles
 d - 5 meat rations
 z - 42 fruits
 A - 4 bread rations


   Skills:
 - Level 17.0 Fighting
 - Level 19.1 Axes
 - Level 3.2 Armour
 - Level 3.2 Shields
 * Level 18.1 Invocations


You had 2 spell levels left.
You knew the following spells:

 Your Spells              Type           Power        Failure   Level  Hunger
a - Blink                 Tloc           N/A          100%        2    ###....
b - Conjure Flame         Conj/Fire      #.......     100%        3    ####...
c - Mephitic Cloud        Conj/Pois/Air  #.......     100%        3    ####...


Dungeon Overview and Level Annotations

Branches:
Dungeon (1/1)

Altars:
Ashenzari
Cheibriados
Dithmenos
Elyvilon
Fedhas
Gozag
Kikubaaqudgha
Makhleb
Nemelex Xobeh
Okawaru
Qazlal
Ru
Sif Muna
Trog
Vehumet
Xom
Yredelemnul
Zin
The Shining One
Beogh
Jiyva
Lugonu


Message History

The azure jelly hits you but does no damage. x2
The death ooze hits you! x2
* * * LOW HITPOINT WARNING * * *
The slime creature hits you but does no damage.
You slash the slime creature!
The slime creature is almost dead.
You hit the death ooze.
The death ooze is severely damaged.
You slice the azure jelly!!
You kill the azure jelly!
Makhleb accepts your kill.
Your Invocations skill gained 2 levels and is now at level 18!
You have reached level 11!
You slice the large slime creature!!
The large slime creature is moderately wounded.
You slash the great orb of eyes!
The great orb of eyes is severely wounded.
The great orb of eyes gazes at you.
You are blasted!
You die...

▓.▓.....▓.▓.▓...▓.▓
▓.........▓.......▓
▓▓▓▓▓▓▓▓▓▓▓▓▓▓▓▓▓▓▓
...8©8...▓...8©8...▓
▓..|.:=)..▓..|[.:|..▓
▓..).[:...▓....3):..▓
▓.........▓....=....▓
▓.....GJ..▓.........▓
▓.G..GJ@4.▓.........▓
▓....J.J..▓.........▓
▓......G..▓.▓.....▓.▓
▓.▓.....▓.▓.........▓
▓.........▓▓▓▓▓▓▓▓▓▓▓
▓▓▓▓▓▓▓▓▓▓▓


You could see 2 great orbs of eyes, a large slime creature, a slime creature, a
shining eye, a death ooze, a jelly, a golden eye and a friendly blue devil.

Vanquished Creatures
  An azure jelly (D)
  2 toenail golems (D)
  7 polar bears (D)
  2 blue devils (D)
  2 tarantellas (D)
  2 spriggans (D)
  3 steam dragons (D)
  2 wolves (D)
  2 mottled dragons (D)
  A water moccasin (D)
  An ice beast (D)
  2 swamp drakes (D)
  2 black bears (D)
  4 scorpions (D)
  A quasit (D)
  An orc priest (D)
  An iron imp (D)
  An orc wizard (D)
  2 adders (D)
  2 giant mites (D)
  2 white imps (D)
  An adder simulacrum (D)
  3 orcs (D)
  3 ball pythons (D)
  2 jackal simulacra (D)
52 creatures vanquished.

Vanquished Creatures (collateral kills)
  2 toenail golems (D)
  A freezing wraith (D)
3 creatures vanquished.

Grand Total: 55 creatures vanquished

Notes
Turn   | Place    | Note
--------------------------------------------------------------
     0 | D        | Monkaria, the Hill Orc Fighter, began the quest for the Orb.
     0 | D        | Reached XP level 1. HP: 19/19 MP: 1/1
     0 | D        | Found a viscous altar of Jiyva.
     0 | D        | Found a corrupted altar of Lugonu.
     0 | D        | Found a white marble altar of Elyvilon.
     1 | D        | Found a burning altar of Makhleb.
     1 | D        | Found an iron altar of Okawaru.
     3 | D        | Found a sparkling altar of Nemelex Xobeh.
     3 | D        | Found a basalt altar of Yredelemnul.
     3 | D        | Found a deep blue altar of Sif Muna.
     3 | D        | Found a radiant altar of Vehumet.
     7 | D        | Found a bloodstained altar of Trog.
    25 | D        | Found a shimmering altar of Xom.
    75 | D        | Reached skill level 6 in Fighting
    75 | D        | Reached skill level 8 in Axes
    75 | D        | Reached XP level 2. HP: 23/30 MP: 2/2
    79 | D        | Became a worshipper of Makhleb the Destroyer
   145 | D        | Entered arena 1.
   145 | D        | Noticed a water moccasin
   148 | D        | Killed a water moccasin
   148 | D        | Acquired Makhleb's first power
   148 | D        | Reached skill level 11 in Axes
   148 | D        | Reached XP level 3. HP: 34/40 MP: 3/3
   148 | D        | Reached XP level 4. HP: 40/48 MP: 4/4
   157 | D        | Entered arena 2.
   157 | D        | Noticed an iron imp
   157 | D        | Noticed a quasit
   159 | D        | Killed a quasit
   159 | D        | Reached skill level 12 in Axes
   159 | D        | Reached XP level 5. HP: 46/56 MP: 5/5
   160 | D        | Killed an iron imp
   160 | D        | Acquired Makhleb's second power
   203 | D        | Entered arena 3.
   203 | D        | Noticed a toenail golem
   203 | D        | Noticed a toenail golem
   203 | D        | Noticed a toenail golem
   203 | D        | Noticed a toenail golem
   208 | D        | Killed a toenail golem
   208 | D        | Reached skill level 15 in Axes
   208 | D        | Reached XP level 6. HP: 64/68 MP: 6/6
   208 | D        | Reached XP level 7. HP: 69/74 MP: 7/7
   210 | D        | Killed a toenail golem
   210 | D        | Reached skill level 16 in Axes
   211 | D        | Killed a toenail golem
   211 | D        | Reached skill level 17 in Axes
   211 | D        | Reached XP level 8. HP: 83/85 MP: 8/8
   211 | D        | Killed a toenail golem
   211 | D        | Reached skill level 18 in Axes
   232 | D        | Entered arena 4.
   237 | D        | Acquired Makhleb's third power
   251 | D        | Entered arena 5.
   251 | D        | Noticed an orc wizard
   251 | D        | Noticed an orc priest
   256 | D        | Killed an orc priest
   256 | D        | Acquired Makhleb's fourth power
   258 | D        | Killed an orc wizard
   262 | D        | Got the ring of Cueng {rPois+ rF+ MP+9 Str-4}
   277 | D        | Entered arena 6.
   277 | D        | Noticed a wolf
   277 | D        | Noticed a spriggan
   277 | D        | Noticed a spriggan
   277 | D        | Noticed a black bear
   277 | D        | Noticed a wolf
   277 | D        | Noticed a black bear
   281 | D        | Killed a wolf
   281 | D        | Acquired Makhleb's fifth power
   281 | D        | Reached skill level 19 in Axes
   281 | D        | Reached XP level 9. HP: 91/94 MP: 9/9
   282 | D        | Killed a spriggan
   282 | D        | Killed a black bear
   285 | D        | Killed a wolf
   285 | D        | Killed a spriggan
   285 | D        | Reached skill level 15 in Fighting
   286 | D        | Killed a black bear
   303 | D        | Entered arena 7.
   303 | D        | Noticed a polar bear
   303 | D        | Noticed a blue devil
   303 | D        | Noticed a freezing wraith
   303 | D        | Noticed a polar bear
   310 | D        | Killed a blue devil
   310 | D        | Killed a polar bear
   312 | D        | Killed a polar bear
   312 | D        | Reached skill level 5 in Invocations
   312 | D        | Killed a freezing wraith
   374 | D        | Entered arena 8.
   374 | D        | Noticed a steam dragon
   374 | D        | Noticed a steam dragon
   374 | D        | Noticed a steam dragon
   374 | D        | Noticed a mottled dragon
   374 | D        | Noticed a swamp drake
   374 | D        | Noticed a swamp drake
   374 | D        | Noticed a mottled dragon
   379 | D        | Killed a swamp drake
   382 | D        | Killed a swamp drake
   382 | D        | Reached XP level 10. HP: 111/111 MP: 19/21
   383 | D        | Killed a steam dragon
   383 | D        | Killed a steam dragon
   384 | D        | Killed a mottled dragon
   384 | D        | Reached skill level 10 in Invocations
   386 | D        | Killed a mottled dragon
   388 | D        | Killed a steam dragon
   425 | D        | Entered arena 9.
   425 | D        | Noticed a scorpion
   425 | D        | Noticed a tarantella
   425 | D        | Noticed a scorpion
   425 | D        | Noticed a scorpion
   425 | D        | Noticed a scorpion
   425 | D        | Noticed a tarantella
   430 | D        | Killed a tarantella
   431 | D        | Killed a tarantella
   432 | D        | Killed a scorpion
   435 | D        | Killed a scorpion
   435 | D        | Killed a scorpion
   435 | D        | Killed a scorpion
   458 | D        | Identified Sif Muna's Disquisition on Protection (You found it in the Dungeon)
   462 | D        | Learned a level 2 spell: Blink
   466 | D        | Learned a level 3 spell: Conjure Flame
   470 | D        | Learned a level 3 spell: Mephitic Cloud
   518 | D        | Entered arena 10.
   518 | D        | Noticed a blue devil
   518 | D        | Noticed a polar bear
   518 | D        | Noticed a polar bear
   518 | D        | Noticed an ice beast
   518 | D        | Noticed a polar bear
   518 | D        | Noticed a polar bear
   518 | D        | Noticed a polar bear
   524 | D        | Killed a polar bear
   525 | D        | Killed a polar bear
   528 | D        | Killed a polar bear
   528 | D        | Killed a polar bear
   528 | D        | Reached skill level 15 in Invocations
   529 | D        | Killed an ice beast
   530 | D        | Killed a blue devil
   536 | D        | Killed a polar bear
   550 | D        | Got the ring of Qazlal's Regard {rPois- rC+ Str+6 Int+4}
   596 | D        | Identified Kummebun's Reference Book on Conjuration and Snow (You found it in the Dungeon)
   598 | D        | Entered arena 11.
   598 | D        | Noticed a jelly
   598 | D        | Noticed a golden eye
   598 | D        | Noticed a great orb of eyes
   598 | D        | Noticed a slime creature
   598 | D        | Noticed a death ooze
   598 | D        | Noticed a great orb of eyes
   598 | D        | Noticed a shining eye
   598 | D        | Noticed an azure jelly
   601 | D        | Noticed a slime creature
   610 | D        | Noticed a slime creature
   617 | D        | Killed an azure jelly
   617 | D        | Reached XP level 11. HP: 25/116 MP: 28/30
   617 | D        | Blown up by a great orb of eyes

Action                   |  1- 3 |  4- 6 |  7- 9 | 10-12 || total
-------------------------+-------+-------+-------+-------++-------
Melee: Broad axe         |     2 |     6 |    28 |    26 ||    62
Evoke: Wand              |       |       |       |     1 ||     1
  Use: Potion            |     1 |       |       |     8 ||     9
       Scroll            |       |       |       |     1 ||     1
  Eat: Chunk             |       |       |       |    14 ||    14
